 Dungeon Crawl Stone Soup version 0.31.0-1-g2c135a008e (webtiles) character file.

Game seed: 13690006671672578388

7413 qw the Skirmisher (level 11, -13/71 HPs)
             Began as a Djinni Hunter on Jan 24, 2024.
             Was an Elder of Okawaru.
             Mangled by an unseen horror simulacrum (24 damage)
             ... on level 9 of the Dungeon.
             The game lasted 00:00:38 (6048 turns).

qw the Skirmisher (Djinni Hunter)                   Turns: 6048, Time: 00:00:39

Health: -13/71     AC:  6    Str: 16    XL:     11   Next: 36%
Gold:   242        EV: 19    Int: 10    God:    Okawaru [****..] SH:  0 Dex: 22

rFire   + + .        p - +0 orcbow
rCold   x . .        (shield currently unavailable)
rNeg    . . .        c - +1 robe of Vines {NoPotionHeal Regen++++}
rPois   inf          f - +1 helmet
rElec   .            q - scarf {repulsion}
rCorr   +            l - +0 pair of gloves
SInv    .            (boots unavailable)
Will    +....        (no amulet)
Stlth   ++           j - +6 ring of strength
HPRegen 3.51/turn    t - ring of resist corrosion
MPRegen 0.00/turn

%: repel missiles, infuse magic (-14 HP)
@: about to teleport, flying
A: sickness immunity, fire resistance 2, cold vulnerability 1, float, innate
caster, HP casting, extra vitality 1, frail 1, sense surroundings 1, MP-powered
wands
a: Renounce Religion, Heroism, Finesse


You were on level 9 of the Dungeon.
You worshipped Okawaru.
Okawaru was greatly pleased with you.
You visited 2 branches of the dungeon, and saw 10 of its levels.
You also visited: Sewer.

You collected 489 gold pieces.
You spent 247 gold pieces at shops.


Innate Abilities, Weirdness & Mutations

You are immune to sickness and miasma.
You are immune to poison.
Your flesh is very heat resistant. (rF++)
You are vulnerable to cold. (rC-)
You float through the air rather than walking.
You learn spells naturally, not from books.
Your magical power is your life essence.
You have superior vitality. (+4 MHP)
You are frail. (-10% HP)
You passively map a small area around you.
You expend health (3 HP) to strengthen your wands.


   Skills:
 + Level 7.4 Fighting
 - Level 10.4 Ranged Weapons
 - Level 1.9 Armour
 - Level 9.0 Dodging
 - Level 0.7 Stealth
 + Level 5.4 Invocations


You knew the following spells:

 Your Spells              Type           Power      Damage    Failure   Level
a - Sting                 Conj/Alch      0%         1d3       36%         1
b - Blink                 Tloc           0%         N/A       50%         2
c - Stone Arrow           Conj/Erth      0%         3d7       75%         3
d - Hailstorm             Conj/Ice       0%         3d5       75%         3
e - Arcjolt               Conj/Air       0%         1d10      100%        5
Your spell library was empty.

Inventory:

Hand Weapons
 p - a +0 orcbow (weapon)
Armour
 c - the +1 robe of Vines (worn) {NoPotionHeal Regen++++}
   (You acquired it on level 1 of the Dungeon)

   NoPotionHeal: Its wearer cannot be healed by potions.
   Regen++++: It increases your rate of health regeneration.
 f - a +1 helmet (worn)
 l - a +0 pair of gloves (worn)
 o - a +2 cloak
 q - a scarf of repulsion (worn)
Jewellery
 h - a ring of fire
 j - a +6 ring of strength (left hand)
 t - a ring of resist corrosion (right hand)
Wands
 i - a wand of polymorph (6)
Scrolls
 a - a scroll of amnesia {unknown}
 g - 6 scrolls of teleportation
 k - 5 scrolls of identify
Potions
 b - a potion of haste
 e - a potion of might
 m - a potion of enlightenment
 n - 2 potions of heal wounds

Dungeon Overview and Level Annotations

Branches:
Dungeon (9/15)             Temple (1/1) D:6           Sewer (visited)
   Lair: D:8-11         Orc: D:9-12

Altars:
Ashenzari
Cheibriados
Dithmenos
Elyvilon
Fedhas
Gozag
Hepliaklqana
Okawaru
Qazlal
Ru
Trog
Uskayaw
Wu Jian
Xom
Zin
The Shining One

Shops:
D:7 ?

Annotations:
D:2 1 runed translucent door, Crazy Yiuf


Message History

The yak is severely wounded.
You shoot an arrow. The arrow hits the yak.
The yak is severely wounded.
You shoot an arrow.
The arrow hits the unseen horror simulacrum.
The unseen horror simulacrum is lightly damaged.
The unseen horror simulacrum hits you.
The unseen horror simulacrum freezes you!!
You feel a terrible chill!
The unseen horror simulacrum closely misses you.
You shoot an arrow.
The arrow hits the yak but does no damage.
The yak is severely wounded.
The unseen horror simulacrum completely misses you. x2
You shoot an arrow. The arrow barely misses the yak.
The unseen horror simulacrum completely misses you.
The unseen horror simulacrum barely misses you.
The yak gores you!
You shoot an arrow. The arrow hits the yak!
The yak is almost dead.
The unseen horror simulacrum barely misses you.
The unseen horror simulacrum completely misses you.
The unseen horror simulacrum barely misses you.
The yak gores you!
You shoot an arrow.
The arrow hits the yak but does no damage.
The yak is almost dead.
The unseen horror simulacrum hits you but does no damage.
The unseen horror simulacrum misses you.
The unseen horror simulacrum hits you.
The unseen horror simulacrum freezes you!
You feel a terrible chill! The yak completely misses you.
6048 ||| READING 7 scrolls of teleportation.
As you read the scroll of teleportation, it crumbles to dust.
You feel strangely unstable.
The unseen horror simulacrum closely misses you.
The unseen horror simulacrum hits you.
The unseen horror simulacrum freezes you!!
You feel a terrible chill!
You die...

# # # #####################
###...../.......@Y....###**
* ##.#.##..........Z....#..
,
#.###.#.#############.#.#**
** .## ##..# #.#.#
#.###.### #.#.# ##.#.##
#.#.## # ####
#############Y...#### Y.. ,
.........YY..<.......# ##.,
,..$....##.###....###.# *


You could see a yak and an unseen horror simulacrum.

Vanquished Creatures
  A hydra (D:9)
  A two-headed ogre (D:8)
  2 centaur warriors
  A cyclops (D:8)
  Maurice (D:7)
  A troll (D:8)
  Sigmund (D:3)
  5 yaks (D:9)
  A steam dragon (D:8)
  2 water moccasins
  A sky beast (D:7)
  An ogre (D:6)
  A centaur (D:8)
  A phantom (D:6)
  Blork the orc (D:5)
  3 kobold brigands
  A scorpion (D:5)
  5 bullfrogs
  A gnoll sergeant (D:7)
  9 wights
  11 killer bees
  A howler monkey (D:7)
  A crimson imp (D:4)
  A jelly (D:5)
  2 bombardier beetles
  4 hounds
  A gnoll bouda (D:5)
  A sleepcap (D:6)
  6 iguanas
  4 orc wizards
  Robin (D:2)
  8 gnolls
  8 river rats (Sewer)
  2 adders
  A white imp (D:6)
  2 dart slugs (D:5)
  22 orcs
  4 bats
  3 endoplasms
  4 giant cockroaches
  17 goblins
  9 hobgoblins
  4 jackals (D:1)
  2 quokkas (D:1)
  12 ball pythons
  2 frilled lizards
  A goblin zombie (D:4)
  2 hobgoblin zombies (D:4)
  36 kobolds
  2 kobold skeletons (D:4)
  A kobold zombie (D:4)
  2 orc zombies (D:4)
  16 rats
233 creatures vanquished.

Vanquished Creatures (others)
  An orc (D:5)
1 creature vanquished.

Grand Total: 234 creatures vanquished

Notes
Turn   | Place    | Note
-------+----------+-------------------------------------------
     0 | D:1      | qw the Djinni Hunter began the quest for the Orb.
     0 | D:1      | Reached XP level 1. HP: 18/18 MP: 0/0
     0 | D:1      | 0 ||| qw: Version: 0.3-a-136-gdd3b4e8
     0 | D:1      | 0 ||| qw: Game counter: 1405
     0 | D:1      | 0 ||| qw: Melee chars always use a shield: true
     0 | D:1      | 0 ||| qw: God list: Okawaru
     0 | D:1      | 0 ||| qw: Allow faded altars: false
     0 | D:1      | 0 ||| qw: Do Orc after clearing Dungeon:15 true
     0 | D:1      | 0 ||| qw: Do second Lair branch before Depths: true
     0 | D:1      | 0 ||| qw: Lair rune preference: random
     0 | D:1      | 0 ||| qw: Goals: Normal
     0 | D:1      | 0 ||| PLANNING D:1-11
    74 | D:1      | Found a faded altar of an unknown god.
   169 | D:1      | Reached XP level 2. HP: 23/23 MP: 0/0
   580 | D:1      | Reached skill level 4 in Ranged Weapons
   580 | D:1      | Reached XP level 3. HP: 28/28 MP: 0/0
   580 | D:1      | Learned a level 1 spell: Sting
   640 | D:1      | 640 ||| UPGRADING to +4 ring mail.
   650 | D:1      | 650 ||| DROPPING +0 leather armour.
   651 | D:1      | 651 ||| READING 2 scrolls labelled FAHASO DIMOVVI.
   651 | D:1      | 651 ||| IDENTIFYING sedimented purple potion
   652 | D:1      | 652 ||| READING scroll of identify.
   652 | D:1      | 652 ||| IDENTIFYING scroll labelled MIETAO BONG
   652 | D:1      | Identified a scroll of acquirement
   653 | D:1      | 653 ||| READING scroll of acquirement.
   653 | D:1      | 653 ||| ACQUIRING +1 robe of Vines {NoPotionHeal Regen++++}
   653 | D:1      | Acquired the +1 robe of Vines {NoPotionHeal Regen++++}
   653 | D:1      | Found the +1 robe of Vines {NoPotionHeal Regen++++}
   655 | D:1      | 655 ||| UPGRADING to +1 robe of Vines {NoPotionHeal
                  | Regen++++}.
   665 | D:1      | 665 ||| DROPPING +4 ring mail.
   666 | D:1      | 666 ||| DROPPING scroll of butterflies.
   863 | D:2      | 863 ||| RETREEEEATING.
   878 | D:2      | Reached XP level 4. HP: 34/34 MP: 0/0
   912 | D:2      | Noticed Robin
   926 | D:2      | Killed Robin
  1218 | D:2      | Found a runed translucent door.
  1219 | D:2      | Noticed Crazy Yiuf
  1281 | D:2      | Reached skill level 3 in Dodging
  1289 | D:2      | Reached skill level 3 in Fighting
  1421 | D:2      | 1421 ||| UPGRADING to +1 helmet.
  1426 | D:2      | 1426 ||| READING scroll of identify.
  1426 | D:2      | 1426 ||| IDENTIFYING fuming dark potion
  1427 | D:2      | 1427 ||| READING scroll labelled PUOHANESUSK.
  1427 | D:2      | 1427 ||| ENCHANTING +0 shortbow.
  1428 | D:2      | 1428 ||| READING scroll labelled EDEGGI GERA.
  1429 | D:2      | 1429 ||| DROPPING potion of attraction.
  1611 | D:3      | Noticed Sigmund
  1620 | D:3      | Killed Sigmund
  1621 | D:3      | Reached skill level 5 in Ranged Weapons
  1621 | D:3      | Reached XP level 5. HP: 40/40 MP: 0/0
  1621 | D:3      | Learned a level 2 spell: Blink
  1621 | D:3      | Reached XP level 6. HP: 46/46 MP: 0/0
  2342 | D:3      | 2342 ||| UPGRADING to +0 pair of gloves.
  2347 | D:3      | 2347 ||| UPGRADING to +6 ring of strength.
  2348 | D:3      | 2348 ||| READING 2 scrolls of identify.
  2348 | D:3      | 2348 ||| IDENTIFYING scroll labelled GIUJ ATOORCHIB
  2349 | D:3      | 2349 ||| READING scroll of identify.
  2349 | D:3      | 2349 ||| IDENTIFYING scroll labelled VEDINA OMU YPT
  2350 | D:3      | 2350 ||| DROPPING scroll of noise.
  2518 | D:4      | Found a shadowy altar of Dithmenos.
  2639 | D:4      | Found a glowing golden altar of the Shining One.
  2656 | D:4      | Reached XP level 7. HP: 50/50 MP: 0/0
  2656 | D:4      | Learned a level 3 spell: Stone Arrow
  2708 | D:4      | 2708 ||| READING 3 scrolls of enchant weapon.
  2708 | D:4      | 2708 ||| ENCHANTING +1 shortbow.
  2709 | D:4      | 2709 ||| READING 2 scrolls of enchant weapon.
  2709 | D:4      | 2709 ||| ENCHANTING +2 shortbow.
  2710 | D:4      | 2710 ||| READING scroll of enchant weapon.
  2710 | D:4      | 2710 ||| ENCHANTING +3 shortbow.
  2939 | D:4      | 2939 ||| UPGRADING to scarf of repulsion.
  2944 | D:4      | 2944 ||| READING scroll of identify.
  2944 | D:4      | 2944 ||| IDENTIFYING lumpy blue potion
  2945 | D:4      | 2945 ||| DRINKING potion of mutation.
  2945 | D:4      | Gained mutation: Your flesh is almost immune to the effects
                  | of heat. (rF+++) [potion of mutation]
  2945 | D:4      | Gained mutation: You have supernaturally acute eyesight.
                  | (SInv) [potion of mutation]
  2946 | D:4      | 2946 ||| READING scroll labelled TEP MEKKUA.
  2947 | D:4      | 2947 ||| READING scroll labelled WUIHIF NEATYS.
  3048 | D:4      | 3048 ||| DRINKING 2 coppery potions.
  3079 | D:5      | Entered Level 5 of the Dungeon
  3079 | D:5      | Noticed Blork the orc
  3081 | D:5      | 3081 ||| STAIRDANCE
  3089 | D:5      | 3089 ||| ZAPPING wand of light (3) at -1,0 (Blork the orc;
                  | floor).
  3090 | D:5      | 3090 ||| ZAPPING wand of light (2) at -1,0 (Blork the orc;
                  | floor).
  3091 | D:5      | 3091 ||| ZAPPING wand of light (1) at -1,0 (Blork the orc;
                  | floor).
  3091 | D:5      | Killed Blork the orc
  3092 | D:5      | Reached skill level 1 in Armour
  3204 | D:5      | 3204 ||| FLEEEEING.
  3209 | D:5      | Reached skill level 6 in Ranged Weapons
  3209 | D:5      | 3209 ||| FLEEEEING.
  3210 | D:5      | 3210 ||| FLEEEEING.
  3230 | D:5      | Reached XP level 8. HP: 58/58 MP: 0/0
  3558 | D:5      | 3558 ||| DRINKING 2 fuming brown potions.
  3559 | D:5      | 3559 ||| DRINKING potion of curing.
  3559 | D:5      | 3559 ||| (to cure confusion)
  3560 | D:5      | 3560 ||| DRINKING 2 ruby potions.
  3561 | D:5      | 3561 ||| DROPPING potion of ambrosia.
  3562 | D:5      | 3562 ||| DROPPING potion of brilliance.
  3578 | D:6      | 3578 ||| PLANNING SEWER
  3599 | D:6      | Found a glowing drain.
  3602 | Sewer    | Entered a sewer
  3877 | Sewer    | 3877 ||| READING scroll of enchant weapon.
  3877 | Sewer    | 3877 ||| ENCHANTING +4 shortbow.
  3999 | Sewer    | 3999 ||| READING 2 scrolls of identify.
  3999 | Sewer    | 3999 ||| IDENTIFYING emerald potion
  4000 | Sewer    | 4000 ||| READING scroll of identify.
  4000 | Sewer    | 4000 ||| IDENTIFYING 2 fuming yellow potions
  4001 | Sewer    | 4001 ||| READING scroll labelled POEZOR JIRA.
  4002 | Sewer    | 4002 ||| DROPPING 2 potions of invisibility.
  4047 | D:6      | 4047 ||| PLANNING D:1-11
  4089 | D:6      | Reached skill level 7 in Ranged Weapons
  4215 | D:6      | Reached XP level 9. HP: 65/65 MP: 0/0
  4215 | D:6      | Learned a level 3 spell: Hailstorm
  4272 | D:6      | Reached skill level 6 in Dodging
  4422 | D:6      | Found a staircase to the Ecumenical Temple.
  4423 | D:6      | 4423 ||| PLANNING TEMPLE
  4423 | D:6      | 4423 ||| DROPPING ring of wizardry.
  4432 | Temple   | Entered the Ecumenical Temple
  4433 | Temple   | 4433 ||| PLANNING OKAWARU WORSHIP
  4438 | Temple   | Became a worshipper of Warmaster Okawaru
  4439 | Temple   | 4439 ||| PLANNING D:1-11
  4614 | D:7      | Reached skill level 8 in Ranged Weapons
  4636 | D:7      | Found Wasaed's Magic Scroll Emporium.
  4647 | D:7      | 4647 ||| BUYING 2 scrolls of identify (52 gold).
  4647 | D:7      | Bought 2 scrolls of identify for 52 gold pieces
  4647 | D:7      | 4647 ||| BUYING 3 scrolls of identify (78 gold).
  4647 | D:7      | Bought 3 scrolls of identify for 78 gold pieces
  4647 | D:7      | 4647 ||| BUYING scroll of identify (26 gold).
  4647 | D:7      | Bought a scroll of identify for 26 gold pieces
  4647 | D:7      | 4647 ||| BUYING scroll of identify (26 gold).
  4647 | D:7      | Bought a scroll of identify for 26 gold pieces
  4647 | D:7      | 4647 ||| BUYING scroll of identify (26 gold).
  4647 | D:7      | Bought a scroll of identify for 26 gold pieces
  4647 | D:7      | 4647 ||| BUYING scroll of teleportation (39 gold).
  4647 | D:7      | Bought a scroll of teleportation for 39 gold pieces
  4657 | D:7      | Found a shimmering altar of Xom.
  4696 | D:7      | Reached * piety under Okawaru
  4731 | D:7      | Noticed Maurice
  4732 | D:7      | 4732 ||| INVOKING Heroism.
  4735 | D:7      | Reached skill level 6 in Fighting
  4735 | D:7      | Maurice stole 97 gold
  4744 | D:7      | 4744 ||| INVOKING Heroism.
  4756 | D:7      | Maurice stole a ring of resist corrosion
  4762 | D:7      | Killed Maurice
  4916 | D:7      | 4916 ||| DROPPING +0 cloak.
  4917 | D:7      | 4917 ||| DROPPING +1 hat of stealth.
  4918 | D:7      | 4918 ||| UPGRADING to ring of resist corrosion.
  4919 | D:7      | 4919 ||| READING 10 scrolls of identify.
  4919 | D:7      | 4919 ||| IDENTIFYING sapphire potion
  4920 | D:7      | 4920 ||| READING 9 scrolls of identify.
  4920 | D:7      | 4920 ||| IDENTIFYING white potion
  4921 | D:7      | 4921 ||| READING 8 scrolls of identify.
  4921 | D:7      | 4921 ||| IDENTIFYING scroll labelled MUWEESEJUIMI
  4922 | D:7      | 4922 ||| READING scroll of brand weapon.
  4922 | D:7      | 4922 ||| BRANDING +5 shortbow.
  4923 | D:7      | 4923 ||| READING 7 scrolls of identify.
  4923 | D:7      | 4923 ||| IDENTIFYING scroll labelled XAOTUE VIQU
  4924 | D:7      | 4924 ||| DROPPING scroll of poison.
  4984 | D:8      | 4984 ||| RETREEEEATING.
  4986 | D:8      | 4986 ||| RETREEEEATING.
  4995 | D:8      | Reached skill level 1 in Invocations
  5015 | D:8      | Reached XP level 10. HP: 72/72 MP: 0/0
  5042 | D:8      | Reached skill level 3 in Invocations
  5089 | D:8      | Reached ** piety under Okawaru
  5223 | D:8      | Noticed a centaur warrior
  5225 | D:8      | 5225 ||| INVOKING Heroism.
  5234 | D:8      | Killed a centaur warrior
  5235 | D:8      | Reached skill level 9 in Ranged Weapons
  5236 | D:8      | Noticed a cyclops
  5251 | D:8      | Killed a cyclops
  5268 | D:8      | 5268 ||| SWAPPING to +0 orcbow.
  5269 | D:8      | 5269 ||| DROPPING +5 shortbow of freezing.
  5290 | D:8      | 5290 ||| DRINKING potion of mutation.
  5290 | D:8      | Lost mutation: You have supernaturally acute eyesight.
                  | (SInv) [potion of mutation]
  5290 | D:8      | Lost mutation: Your flesh is almost immune to the effects
                  | of heat. (rF+++) [potion of mutation]
  5290 | D:8      | Gained mutation: You are frail. (-10% HP) [potion of
                  | mutation]
  5290 | D:8      | Gained mutation: You expend health (3 HP) to strengthen
                  | your wands. [potion of mutation]
  5290 | D:8      | Gained mutation: You passively map a small area around you.
                  | [potion of mutation]
  5377 | D:8      | Found a glowing silver altar of Zin.
  5455 | D:8      | Reached *** piety under Okawaru
  5477 | D:8      | Noticed a two-headed ogre
  5478 | D:8      | 5478 ||| INVOKING Heroism.
  5486 | D:8      | Killed a two-headed ogre
  5788 | D:8      | 5788 ||| DROPPING +1 hat.
  5789 | D:8      | 5789 ||| READING 7 scrolls of identify.
  5789 | D:8      | 5789 ||| IDENTIFYING scroll labelled OMISUUHOIF
  5790 | D:8      | 5790 ||| READING 6 scrolls of identify.
  5790 | D:8      | 5790 ||| IDENTIFYING scroll labelled UXKUOV KYEGEMA
  5791 | D:8      | 5791 ||| DROPPING scroll of torment.
  5792 | D:8      | 5792 ||| DROPPING scroll of revelation.
  5810 | D:9      | 5810 ||| STAIRDANCE
  5823 | D:9      | 5823 ||| STAIRDANCE
  5828 | D:9      | 5828 ||| STAIRDANCE
  5842 | D:9      | 5842 ||| STAIRDANCE
  5867 | D:9      | 5867 ||| RETREEEEATING.
  5870 | D:9      | 5870 ||| RETREEEEATING.
  5871 | D:9      | 5871 ||| RETREEEEATING.
  5872 | D:9      | 5872 ||| RETREEEEATING.
  5873 | D:9      | 5873 ||| RETREEEEATING.
  5874 | D:9      | 5874 ||| RETREEEEATING.
  5875 | D:9      | 5875 ||| RETREEEEATING.
  5888 | D:9      | Reached XP level 11. HP: 64/71 MP: 0/0
  5888 | D:9      | Learned a level 5 spell: Arcjolt
  5915 | D:9      | 5915 ||| RETREEEEATING.
  5916 | D:9      | 5916 ||| RETREEEEATING.
  5922 | D:9      | Noticed a centaur warrior
  5932 | D:9      | 5932 ||| INVOKING Heroism.
  5943 | D:9      | Killed a centaur warrior
  5943 | D:9      | Reached **** piety under Okawaru
  5944 | D:9      | Reached skill level 10 in Ranged Weapons
  5992 | D:9      | 5992 ||| RETREEEEATING.
  5994 | D:9      | 5994 ||| RETREEEEATING.
  5996 | D:9      | 5996 ||| RETREEEEATING.
  5999 | D:9      | 5999 ||| RETREEEEATING.
  6000 | D:9      | 6000 ||| RETREEEEATING.
  6001 | D:9      | 6001 ||| RETREEEEATING.
  6004 | D:9      | Noticed a four-headed hydra
  6007 | D:9      | 6007 ||| INVOKING Finesse.
  6023 | D:9      | HP: 14/71 [four-headed hydra (13)]
  6024 | D:9      | 6024 ||| READING 8 scrolls of teleportation.
  6028 | D:9      | Killed a four-headed hydra
  6029 | D:9      | Reached skill level 9 in Dodging
  6029 | D:9      | 6029 ||| FLEEEEING.
  6030 | D:9      | 6030 ||| FLEEEEING.
  6034 | D:9      | 6034 ||| FLEEEEING.
  6035 | D:9      | 6035 ||| FLEEEEING.
  6038 | D:9      | 6038 ||| FLEEEEING.
  6039 | D:9      | 6039 ||| FLEEEEING.
  6040 | D:9      | 6040 ||| FLEEEEING.
  6047 | D:9      | HP: 10/71 [unseen horror simulacrum (15)]
  6048 | D:9      | 6048 ||| READING 7 scrolls of teleportation.
  6048 | D:9      | Mangled by an unseen horror simulacrum

Levels and vault maps discovered:
D:1:      psy_arrival_fountain, layout_loops_ring,
          chequers_ecumenical_altar_simple, glass_columns_b,
          wad_floor_pattern_untrapped, minmay_tromino_v2
D:2:      layout_loops_ring, uniq_crazy_yiuf_cottage, uniq_robin
D:3:      layout_basic, minmay_strange_pillars, uniq_sigmund
D:4:      layout_loops_cross, grunt_dithmenos_smoke,
          nicolae_tso_besieged_by_evil, minmay_tree_intersection
D:5:      layout_rooms, uniq_blork_the_orc
D:6:      layout_rooms, temple_statues,
          mainiacjoe_sewer_entry_somewhere_in_here_1
D:7:      layout_basic, general_overflow_altar, serial_shops, shop_fountains,
          uniq_maurice
D:8:      minmay_cornered_nines, layout_basic, lemuel_coloured_pillars_altar
D:9:      minmay_tri_box, layout_loops_ring, mainiacjoe_overflow_brackets
Temple:   eino_narrow_crystal_temple

Skill      XL: |  1  2  3  4  5  6  7  8  9 10 11 |
---------------+----------------------------------+-----
Ranged Weapons | 4 5 6 7 8 9 10 | 10.4
Dodging        | 3 4 5 7 8 9 |  9.0
Fighting       | 3 4 5 6 7 |  7.4
Armour         | 1 |  1.9
Invocations    | 2 4 5 |  5.4
Stealth        | |  0.7

Action                     |  1- 3 |  4- 6 |  7- 9 | 10-12 || total
---------------------------+-------+-------+-------+-------++-------
   Fire: Shortbow          |   111 |   132 |   382 |    66 ||   691
         Orcbow            |       |       |       |   138 ||   138
 Invoke: Heroism           |       |       |     2 |     3 ||     5
         Finesse           |       |       |       |     1 ||     1
  Evoke: Wand              |       |       |     3 |       ||     3
    Use: Scroll            |     3 |     5 |    15 |     4 ||    27
         Potion            |       |       |     5 |     1 ||     6
 Armour: Leather armour    |    28 |       |       |       ||    28
         Robe              |    10 |    38 |    93 |   124 ||   265
  Dodge: Dodged            |    46 |    39 |   156 |   174 ||   415
         Repelled          |       |       |     4 |       ||     4

Table legend:
 A = Non-vault XP
 B = Vault XP
 C = Vault XP percentage of total XP
 D = Non-vault monster count
 E = Vault monster count
 F = Vault count percentage of total count
                 A         B        C        D         E       F
            +---------+---------+-------+---------+---------+-------
      Total |    6126 |    4465 |  42.2 |     166 |      68 |  29.1
            +---------+---------+-------+---------+---------+-------
        D:1 |      35 |       2 |   5.4 |      20 |       1 |   4.8
        D:2 |      31 |      40 |  56.3 |      17 |      13 |  43.3
        D:3 |      40 |     226 |  85.0 |      13 |       1 |   7.1
        D:4 |     173 |      58 |  25.1 |      12 |       9 |  42.9
        D:5 |     366 |     100 |  21.5 |      16 |       1 |   5.9
        D:6 |     864 |      37 |   4.1 |      14 |       1 |   6.7
        D:7 |     951 |     494 |  34.2 |      36 |       1 |   2.7
        D:8 |    2157 |    1683 |  43.8 |      23 |       3 |  11.5
        D:9 |    1509 |    1681 |  52.7 |      15 |       2 |  11.8
      Sewer |       0 |     144 | 100.0 |       0 |      36 | 100.0
            +---------+---------+-------+---------+---------+-------
